AoeStats
← THE RANDY

Arena

510466421Analyzed
2v2 RM · 22h ago on Oct 1, 2026· 23m 25s· 4 players
Game mode
Random Map
Map size
Medium (4 player)
Population
200
Speed
Normal
Resources
Standard
Victory
Conquest
Starting age
Dark Age
Ending age
Imperial Age
RankedLock teamsTeams togetherTeam positionsShared explorationLock speedFull tech treeHidden civsTurbo modeCheats
Victory
Defeat
🇺🇸 Turks · United States
796
+12
🇺🇸 Turks · United States
793
+12
🇦🇷 Portuguese · Argentina
727
-13
🇦🇷 Teutons · Argentina
688
-11
THE RANDY
10:08 Loom
12:34 Feudal Age
15:19 Forging
17:59 Castle Age
16:10 Double-Bit Axe
16:08 Horse Collar
19:50 Murder Holes
riky010pichichin
11:51 Feudal Age
12:19 Double-Bit Axe
12:18 Horse Collar
12:31 Gold Mining
19:21 Castle Age
18:21 Stone Mining
21:28 Bow Saw
tmkmbl
12:46 Feudal Age
18:05 Castle Age
16:06 Double-Bit Axe
16:12 Gold Mining
22:15 Imperial Age
21:24 Padded Archer Armor
23:00 Fletching
Lu
13:09 Feudal Age
18:32 Castle Age
16:27 Double-Bit Axe
16:34 Gold Mining
22:51 Imperial Age
22:11 Padded Archer Armor
Connection lost

Rejoining the realm…

Still unreachable

The connection could not be restored.

Session expired

The server has moved on; the page needs a fresh start.